TOP OF THE 1ST |
Nashville Sounds batting - Pitching for Rochester Red Wings : RHP Bill Rondeau
|
Pitching: RHP Bill Rondeau
|
|
Batting: LHB Zachary DeLuca
|
0-0: Foul Ball, location: 2F 0-1: Foul Ball, location: 2F 0-2: Ball 1-2: Ball 2-2: Foul Ball, location: 2F 2-2: Foul Ball, location: 2F 2-2: Ball 3-2: SOLO HOME RUN (Flyball, 89XD, EV 105.0 MPH), Distance : 423 ft
|
Batting: SHB Rich Muniz
|
0-0: Foul Ball, location: 2F 0-1: Fly out, F4 (Flyball, 4D, EV 81.2 MPH)
|
Batting: RHB Chris Stillions
|
0-0: DOUBLE (Line Drive, 5D, EV 105.0 MPH)
|
Batting: RHB Jorge Bernal
|
0-0: Foul Ball, location: 2F 0-1: Ball 1-1: Ball 2-1: Ball 3-1: DOUBLE (Line Drive, 89D, EV 107.5 MPH) Chris Stillions scores
|
Batting: RHB Javier Garcia
|
0-0: Ball 1-0: Ball 2-0: Ball 3-0: Called Strike 3-1: Base on Balls
|
Batting: SHB Quincy Bradford
|
0-0: Foul Ball, location: 2F 0-1: Ball 1-1: 3-RUN HOME RUN (Flyball, 89XD, EV 98.8 MPH), Distance : 397 ft
|
Batting: RHB Eduardo Chavez
|
0-0: Ball 1-0: SINGLE (Groundball, 5S, EV 72.5 MPH) (infield hit)
|
Batting: SHB Josh Thorpe
|
0-0: Ball 1-0: Ball 2-0: Ball 3-0: Base on Balls Eduardo Chavez to second
|
Pitching: RHP Fernando Macias
|
|
Batting: RHB Dunlang Clark
|
0-0: Called Strike Eduardo Chavez steals 3rd base Josh Thorpe to second 0-1: Called Strike 0-2: Foul Ball, location: 2F 0-2: Ground out 6-3 (Groundball, 6, EV 88.1 MPH) Eduardo Chavez scores Josh Thorpe to third
|
Batting: LHB Zachary DeLuca
|
0-0: Ball 1-0: Ball 2-0: Foul Ball, location: 2F 2-1: Called Strike 2-2: Strikes out swinging
|
Top of the 1st over - 6 runs, 5 hits, 0 errors, 1 left on base; Nashville 6 - Rochester 0 |
BOTTOM OF THE 1ST |
Rochester Red Wings batting - Pitching for Nashville Sounds : RHP Reynaldo Edwards
|
Pitching: RHP Reynaldo Edwards
|
|
Batting: LHB Peer Derks
|
0-0: Called Strike 0-1: Foul Ball, location: 2F 0-2: Ball 1-2: Strikes out swinging
|
Batting: RHB Tony Rivera
|
0-0: Ball 1-0: Called Strike 1-1: Ball 2-1: Foul Ball, location: 2F 2-2: Strikes out swinging
|
Batting: RHB Hildo Pot
|
0-0: Called Strike 0-1: SINGLE (Groundball, 6S, EV 69.4 MPH) (infield hit)
|
Batting: RHB Jimmy Buzard
|
0-0: Fly out, F8 (Line Drive, 8LM, EV 106.2 MPH)
|
Bottom of the 1st over - 0 runs, 1 hit, 0 errors, 1 left on base; Nashville 6 - Rochester 0 |
TOP OF THE 2ND |
Nashville Sounds batting - Pitching for Rochester Red Wings : RHP Fernando Macias
|
Batting: SHB Rich Muniz
|
0-0: Ball 1-0: Called Strike 1-1: Swinging Strike 1-2: Foul Ball, location: 2F 1-2: Strikes out looking
|
Batting: RHB Chris Stillions
|
0-0: Ball 1-0: Called Strike 1-1: Ball 2-1: Swinging Strike 2-2: Foul Ball, location: 2F 2-2: Ground out 6-3 (Groundball, 6MS, EV 85.0 MPH)
|
Batting: RHB Jorge Bernal
|
0-0: Ball 1-0: Foul Ball, location: 2F 1-1: Ground out 4-3 (Groundball, 4S, EV 91.2 MPH)
|
Top of the 2nd over - 0 runs, 0 hits, 0 errors, 0 left on base; Nashville 6 - Rochester 0 |
BOTTOM OF THE 2ND |
Rochester Red Wings batting - Pitching for Nashville Sounds : RHP Reynaldo Edwards
|
Batting: RHB Jesse Scott
|
0-0: Foul Ball, location: 2F 0-1: Ball 1-1: Called Strike 1-2: Ball 2-2: Ball 3-2: Base on Balls
|
Batting: SHB Aaron Tatar
|
0-0: Called Strike 0-1: Ball Jesse Scott steals 2nd base 1-1: Swinging Strike 1-2: Ball 2-2: Strikes out swinging
|
Batting: RHB Aaron Trotman
|
0-0: Foul Ball, location: 2F 0-1: Ball 1-1: Ball 2-1: Fly out, F7 (Flyball, 7, EV 83.1 MPH)
|
Batting: RHB Cesar Yega
|
0-0: Called Strike 0-1: Ball 1-1: Ball 2-1: Ground out 1-3 (Groundball, 13S, EV 71.2 MPH)
|
Bottom of the 2nd over - 0 runs, 0 hits, 0 errors, 1 left on base; Nashville 6 - Rochester 0 |
TOP OF THE 3RD |
Nashville Sounds batting - Pitching for Rochester Red Wings : RHP Fernando Macias
|
Batting: RHB Javier Garcia
|
0-0: Swinging Strike 0-1: Ball 1-1: Swinging Strike 1-2: Ground out 4-3 (Groundball, 4, EV 90.0 MPH)
|
Batting: SHB Quincy Bradford
|
0-0: Ball 1-0: Called Strike 1-1: Foul Ball, location: 2F 1-2: Ball 2-2: Strikes out swinging
|
Batting: RHB Eduardo Chavez
|
0-0: Called Strike 0-1: Ball 1-1: Called Strike 1-2: Strikes out swinging
|
Top of the 3rd over - 0 runs, 0 hits, 0 errors, 0 left on base; Nashville 6 - Rochester 0 |
BOTTOM OF THE 3RD |
Rochester Red Wings batting - Pitching for Nashville Sounds : RHP Reynaldo Edwards
|
Batting: RHB Bobby Blanchard
|
0-0: Ball 1-0: Fly out, F7 (Flyball, 7, EV 85.0 MPH)
|
Batting: LHB Peer Derks
|
0-0: Ball 1-0: Ball 2-0: Ball 3-0: Called Strike 3-1: Foul Ball, location: 2F 3-2: Ground out 6-3 (Groundball, 6M, EV 80.0 MPH)
|
Batting: RHB Tony Rivera
|
0-0: Ground out 4-3 (Groundball, 4, EV 102.5 MPH)
|
Bottom of the 3rd over - 0 runs, 0 hits, 0 errors, 0 left on base; Nashville 6 - Rochester 0 |
TOP OF THE 4TH |
Nashville Sounds batting - Pitching for Rochester Red Wings : RHP Fernando Macias
|
Pitching: LHP Brett Grijalva
|
|
Batting: SHB Josh Thorpe
|
0-0: Called Strike 0-1: Called Strike 0-2: Reached on error, E5 (Groundball, 5, EV 81.2 MPH)
|
Batting: RHB Dunlang Clark
|
0-0: Called Strike 0-1: Swinging Strike 0-2: SINGLE (Line Drive, 89M, EV 93.8 MPH) Josh Thorpe to third
|
Batting: LHB Zachary DeLuca
|
0-0: Ball 1-0: Ball 2-0: Called Strike 2-1: Foul Ball, location: 2F 2-2: Ball 3-2: Foul Ball, location: 2F 3-2: Base on Balls Dunlang Clark to second
|
Batting: SHB Rich Muniz
|
0-0: Ball 1-0: Ball 2-0: Ball 3-0: GRAND SLAM HOME RUN (Flyball, 78XD, EV 101.2 MPH), Distance : 386 ft
|
Pitching: LHP Ferrie Werkhoven
|
|
Batting: RHB Chris Stillions
|
0-0: Ball 1-0: Ball 2-0: Called Strike 2-1: Ball 3-1: Foul Ball, location: 2F 3-2: Strikes out looking
|
Batting: RHB Jorge Bernal
|
0-0: Ball 1-0: Called Strike 1-1: Ball 2-1: Swinging Strike 2-2: Fly out, F7 (Flyball, 78S, EV 82.5 MPH)
|
Batting: RHB Javier Garcia
|
0-0: Called Strike 0-1: Ball 1-1: Ball 2-1: Ball 3-1: Base on Balls
|
Batting: SHB Quincy Bradford
|
0-0: Called Strike 0-1: Swinging Strike 0-2: Strikes out looking
|
Top of the 4th over - 4 runs, 2 hits, 1 error, 1 left on base; Nashville 10 - Rochester 0 |
BOTTOM OF THE 4TH |
Rochester Red Wings batting - Pitching for Nashville Sounds : RHP Reynaldo Edwards
|
Batting: RHB Hildo Pot
|
0-0: Fly out, F8 (Flyball, 8RXD, EV 107.5 MPH)
|
Batting: RHB Jimmy Buzard
|
0-0: SINGLE (Groundball, 6D, EV 105.0 MPH)
|
Batting: RHB Jesse Scott
|
0-0: Ball 1-0: Ball 2-0: Called Strike 2-1: Called Strike 2-2: Ball 3-2: Foul Ball, location: 2F 3-2: Grounds into double play, 6-4-3 (Groundball, 6, EV 79.4 MPH)
|
Bottom of the 4th over - 0 runs, 1 hit, 0 errors, 0 left on base; Nashville 10 - Rochester 0 |
TOP OF THE 5TH |
Nashville Sounds batting - Pitching for Rochester Red Wings : LHP Ferrie Werkhoven
|
Batting: RHB Eduardo Chavez
|
0-0: Swinging Strike 0-1: Foul Ball, location: 2F 0-2: Ball 1-2: Ball 2-2: Foul Ball, location: 2F 2-2: Ground out 6-3 (Groundball, 6, EV 83.8 MPH)
|
Batting: SHB Josh Thorpe
|
0-0: Ball 1-0: Ground out 6-3 (Groundball, 6, EV 87.5 MPH)
|
Batting: RHB Dunlang Clark
|
0-0: Ball 1-0: Ball 2-0: Ball 3-0: Called Strike 3-1: Swinging Strike 3-2: Foul Ball, location: 2F 3-2: Base on Balls
|
Batting: LHB Zachary DeLuca
|
0-0: Fielders Choice at 2nd, 6-4 (Groundball, 6, EV 111.2 MPH)
|
Top of the 5th over - 0 runs, 0 hits, 0 errors, 1 left on base; Nashville 10 - Rochester 0 |
BOTTOM OF THE 5TH |
Rochester Red Wings batting - Pitching for Nashville Sounds : RHP Reynaldo Edwards
|
Pitching: RHP Tony Botello
|
|
Batting: SHB Aaron Tatar
|
0-0: Ball 1-0: Ground out 4-3 (Groundball, 4, EV 100.0 MPH)
|
Batting: RHB Aaron Trotman
|
0-0: Fly out, F8 (Flyball, 8RXD, EV 108.1 MPH)
|
Batting: RHB Cesar Yega
|
0-0: Swinging Strike 0-1: DOUBLE (Line Drive, 78D, EV 108.1 MPH)
|
Batting: RHB Bobby Blanchard
|
0-0: Foul Ball, location: 2F 0-1: Foul Ball, location: 2F 0-2: Fly out, F6 (Popup, 6MD, EV 70.0 MPH)
|
Bottom of the 5th over - 0 runs, 1 hit, 0 errors, 1 left on base; Nashville 10 - Rochester 0 |
TOP OF THE 6TH |
Nashville Sounds batting - Pitching for Rochester Red Wings : LHP Ferrie Werkhoven
|
Batting: SHB Rich Muniz
|
0-0: Foul Ball, location: 2F 0-1: Called Strike 0-2: Ball 1-2: Foul Ball, location: 2F 1-2: Foul Ball, location: 2F 1-2: Ground out 6-3 (Groundball, 6, EV 78.1 MPH)
|
Batting: RHB Chris Stillions
|
0-0: Ground out 4-3 (Groundball, 4M, EV 97.5 MPH)
|
Batting: RHB Jorge Bernal
|
0-0: Ball 1-0: Ground out 6-3 (Groundball, 6, EV 86.2 MPH)
|
Top of the 6th over - 0 runs, 0 hits, 0 errors, 0 left on base; Nashville 10 - Rochester 0 |
BOTTOM OF THE 6TH |
Rochester Red Wings batting - Pitching for Nashville Sounds : RHP Tony Botello
|
Batting: LHB Peer Derks
|
0-0: Foul Ball, location: 2F 0-1: Foul Ball, location: 2F 0-2: Ball 1-2: Foul Ball, location: 2F 1-2: Foul Ball, location: 2F 1-2: Ball 2-2: SINGLE (Groundball, 34D, EV 93.8 MPH)
|
Batting: RHB Tony Rivera
|
0-0: Called Strike 0-1: Called Strike 0-2: SINGLE (Groundball, 6MD, EV 105.0 MPH) Peer Derks to second
|
Batting: RHB Hildo Pot
|
0-0: Ball 1-0: Ball 2-0: Called Strike 2-1: Ball 3-1: Base on Balls Peer Derks to third Tony Rivera to second
|
Batting: RHB Jimmy Buzard
|
0-0: Ball 1-0: Swinging Strike 1-1: Ball 2-1: Ball 3-1: Base on Balls Peer Derks scores Tony Rivera to third Hildo Pot to second
|
Batting: RHB Jesse Scott
|
0-0: Grounds into double play, 5-4-3 (Groundball, 56, EV 97.5 MPH) Tony Rivera scores Hildo Pot to third
|
Batting: SHB Aaron Tatar
|
0-0: DOUBLE (Line Drive, 7LM, EV 105.6 MPH) Hildo Pot scores
|
Batting: RHB Aaron Trotman
|
0-0: Ball 1-0: Ball 2-0: Called Strike 2-1: Fly out, F7 (Flyball, 78XD, EV 103.8 MPH)
|
Bottom of the 6th over - 3 runs, 3 hits, 0 errors, 1 left on base; Nashville 10 - Rochester 3 |
TOP OF THE 7TH |
Nashville Sounds batting - Pitching for Rochester Red Wings : LHP Ferrie Werkhoven
|
Batting: RHB Javier Garcia
|
0-0: Ball 1-0: DOUBLE (Line Drive, 78M, EV 103.8 MPH)
|
Batting: SHB Quincy Bradford
|
0-0: Fly out, F7 (Flyball, 7LS, EV 82.5 MPH)
|
Pitching: RHP Jason Montague
|
|
Batting: RHB Eduardo Chavez
|
0-0: Ball 1-0: Ball 2-0: Foul Ball, location: 2F 2-1: Called Strike 2-2: Ball 3-2: Fly out, F6 (Popup, 6S, EV 64.4 MPH)
|
Pinch Hitting: LHB Miguel Torres
|
0-0: Called Strike 0-1: Fly out, F8 (Flyball, 8LXD, EV 85.6 MPH)
|
Top of the 7th over - 0 runs, 1 hit, 0 errors, 1 left on base; Nashville 10 - Rochester 3 |
BOTTOM OF THE 7TH |
Rochester Red Wings batting - Pitching for Nashville Sounds : RHP Tony Botello
|
Now in RF: Miguel Torres
|
|
Batting: RHB Cesar Yega
|
0-0: Called Strike 0-1: Called Strike 0-2: Strikes out looking
|
Batting: RHB Bobby Blanchard
|
0-0: Called Strike 0-1: Ball 1-1: Foul Ball, location: 2F 1-2: Ball 2-2: Strikes out looking
|
Pinch Hitting: LHB Todd Beaver
|
0-0: Ball 1-0: Called Strike 1-1: Ground out 1-3 (Groundball, 13S, EV 75.0 MPH)
|
Bottom of the 7th over - 0 runs, 0 hits, 0 errors, 0 left on base; Nashville 10 - Rochester 3 |
TOP OF THE 8TH |
Nashville Sounds batting - Pitching for Rochester Red Wings : RHP Jason Montague
|
Now in CF: Aaron Trotman
|
|
Now in RF: Todd Beaver
|
|
Batting: RHB Dunlang Clark
|
0-0: Swinging Strike 0-1: SINGLE (Line Drive, 89M, EV 106.9 MPH)
|
Batting: LHB Zachary DeLuca
|
0-0: Ball 1-0: Called Strike Dunlang Clark steals 2nd base 1-1: Ball 2-1: DOUBLE (Flyball, 78XD, EV 108.1 MPH) Dunlang Clark scores
|
Batting: SHB Rich Muniz
|
0-0: Ball 1-0: Foul Ball, location: 2F 1-1: Foul Ball, location: 2F 1-2: Ball 2-2: Ball 3-2: Reached on error, E3 (Groundball, 34S, EV 73.1 MPH) Zachary DeLuca scores
|
Batting: RHB Carlos Lopez
|
0-0: Ball 1-0: Called Strike 1-1: Foul Ball, location: 2F 1-2: Strikes out looking
|
Batting: RHB Jorge Bernal
|
0-0: Called Strike 0-1: Ball 1-1: SINGLE (Groundball, 56D, EV 96.9 MPH) Rich Muniz to third
|
Batting: RHB Javier Garcia
|
0-0: Called Strike 0-1: Ball 1-1: Swinging Strike 1-2: Ball 2-2: Foul Ball, location: 2F 2-2: Ball 3-2: Base on Balls Jorge Bernal to second
|
Batting: SHB Quincy Bradford
|
0-0: Foul Ball, location: 2F 0-1: Ball 1-1: Fielders Choice at 2nd, 6-4 (Groundball, 6, EV 86.9 MPH) Rich Muniz scores Jorge Bernal to third
|
Batting: RHB Eduardo Chavez
|
0-0: Ball 1-0: Ball 2-0: Called Strike 2-1: Ball 3-1: Ground out 4-3 (Groundball, 4, EV 84.4 MPH)
|
Top of the 8th over - 3 runs, 3 hits, 1 error, 2 left on base; Nashville 13 - Rochester 3 |
BOTTOM OF THE 8TH |
Rochester Red Wings batting - Pitching for Nashville Sounds : RHP Tony Botello
|
Pinch Hitting: RHB Mario Taureda
|
0-0: Swinging Strike 0-1: Ball 1-1: Foul Ball, location: 2F 1-2: Foul Ball, location: 2F 1-2: Ball 2-2: Ball 3-2: Strikes out swinging
|
Pitching: RHP Ace Gaskins
|
|
Batting: RHB Michel Martineau
|
0-0: Ball 1-0: Ball 2-0: Foul Ball, location: 2F 2-1: Ball 3-1: Base on Balls
|
Pinch Hitting: LHB Victor Santos
|
0-0: Ball 1-0: Swinging Strike 1-1: Grounds into double play, 2-4-3 (Groundball, 2L, EV 71.9 MPH)
|
Bottom of the 8th over - 0 runs, 0 hits, 0 errors, 0 left on base; Nashville 13 - Rochester 3 |
TOP OF THE 9TH |
Nashville Sounds batting - Pitching for Rochester Red Wings : RHP Jason Montague
|
Now at 1B: Victor Santos
|
|
Now at 2B: Mario Taureda
|
|
Batting: LHB Miguel Torres
|
0-0: Ground out 6-3 (Groundball, 6M, EV 101.9 MPH)
|
Batting: RHB Dunlang Clark
|
0-0: Foul Ball, location: 2F 0-1: Ball 1-1: Ball 2-1: SINGLE (Groundball, 23, EV 71.9 MPH) (infield hit)
|
Pitching: RHP Jose Lopez
|
|
Batting: LHB Zachary DeLuca
|
0-0: Ball Wild Pitch! Dunlang Clark to second 1-0: SINGLE (Line Drive, 7LS, EV 109.4 MPH) Dunlang Clark to third Runner from 3rd tries for Home, SAFE, throw by LF to home
|
Batting: SHB Rich Muniz
|
0-0: Grounds into double play, 4-6-3 (Groundball, 4, EV 82.5 MPH)
|
Top of the 9th over - 1 run, 2 hits, 0 errors, 0 left on base; Nashville 14 - Rochester 3 |
BOTTOM OF THE 9TH |
Rochester Red Wings batting - Pitching for Nashville Sounds : RHP Ace Gaskins
|
Batting: RHB Jesse Scott
|
0-0: Ball 1-0: Foul Ball, location: 2F 1-1: Foul Ball, location: 2F 1-2: Strikes out swinging
|
Batting: SHB Aaron Tatar
|
0-0: Ball 1-0: Foul Ball, location: 2F 1-1: Ball 2-1: Ball 3-1: Called Strike 3-2: Strikes out looking
|
Batting: RHB Aaron Trotman
|
0-0: Swinging Strike 0-1: Ball 1-1: Ball 2-1: Swinging Strike 2-2: Strikes out swinging
|
Bottom of the 9th over - 0 runs, 0 hits, 0 errors, 0 left on base; Nashville 14 - Rochester 3 |
|